[Event "4NCL Spring GM Round Robin 2024"]
[Site "Peterborough"]
[Date "2024.03.25"]
[Round "5.2"]
[White "Teclaf, Pawel"]
[Black "Kalavannan, Koby"]
[Result "1-0"]
[ECO "A05"]
[WhiteElo "2556"]
[BlackElo "2324"]
[Annotator "TA"]
[PlyCount "67"]
[EventDate "2024.03.22"]
[EventType "tourn"]
[EventCountry "ENG"]
[SourceTitle "playchess.com"]
[Source "ChessBase"]
[SourceQuality "1"]
[TimeControl "5400+30"]

1. Nf3 c5 2. b3 Nf6 3. Bb2 g6 4. c4 Bg7 5. g3 O-O 6. Bg2 Nc6 7. O-O d5 8. cxd5 Nxd5 9. Bxg7 Kxg7 10. d4 cxd4 11. Nxd4 Nxd4 12. Qxd4+ Nf6 13. Qe5 Qb6 14. Nc3 {[%emt 0:01:03][%cal Bb1c3,Bc3a4,Ba4c5][%mdl 32] White is more active.} ({Much weaker is} 14. Qxe7 Re8 15. Qa3 Qd4 $15) 14... Be6 {[%emt 0:00:42] White is better.} 15. Na4 Qb4 16. Nc5 Bd5 17. Qxe7 $18 {[%emt 0:03:16][%cal Oc5e6] [#] And now Ne6+! would win.} Kg8 18. Qxf6 Bxg2 19. Ne6 ({But not} 19. Kxg2 $6 Qxc5 20. Rac1 Qa5 $16) 19... fxe6 20. Qxe6+ Kg7 21. Kxg2 Rae8 22. Qd7+ Re7 23. Qd3 h5 24. Rac1 Kh7 25. Rc4 Qa5 26. Re4 Ref7 27. Re6 Rg7 28. Rc1 Rf5 29. Re8 Rgf7 (29... Qd5+ {was necessary.} 30. Qxd5 Rxd5) 30. f4 {[%emt 0:01:32] [#] e4 would now be deadly.} Qxa2 $2 (30... Qd5+ 31. Qf3 g5) 31. Qd4 R5f6 32. Qxf6 {[%emt 0:00:10] White mates.} Rxf6 33. Rc7+ Kh6 34. Rh8# {[%emt 0:00:34] Black did not feel at home in the position after the opening.   Weighted Error Value: White=0.08 (flawless) /Black=0.46.  Mistake:       	---       	Black=3      Inaccurate:     	---       	Black=3      OK:         	White=10    	Black=4      Best:        	White=4     	Black=1} 1-0

[Event "4NCL Spring GM Round Robin 2024"]
[Site "Peterborough"]
[Date "2024.03.25"]
[Round "5.3"]
[White "Harvey, Marcus R"]
[Black "Makkar, Rajat"]
[Result "1/2-1/2"]
[ECO "B14"]
[WhiteElo "2468"]
[BlackElo "2434"]
[Annotator "TA"]
[PlyCount "104"]
[EventDate "2024.03.22"]
[EventType "tourn"]
[EventCountry "ENG"]
[SourceTitle "playchess.com"]
[Source "ChessBase"]
[SourceQuality "1"]
[TimeControl "5400+30"]

1. c4 c6 2. e4 d5 3. exd5 cxd5 4. d4 Nf6 5. Nc3 g6 6. Qb3 Nbd7 {[%emt 0:25:13] B14: Caro-Kann (Panow-Angriff).} 7. cxd5 Nb6 8. Bb5+ Bd7 9. Be2 Bg7 10. a4 $146 ({Predecessor:} 10. Bf3 Bg4 11. Bxg4 Nxg4 12. Nge2 O-O 13. a4 Nf6 14. Nf4 g5 15. Nfe2 h6 16. h4 g4 17. Nf4 a5 18. O-O Qd6 19. Nb5 Qd7 20. d6 exd6 21. Nc3 Ra6 {½-½ Zakhartsov,V (2538)-Rumiantsev,A (2307) Chigorin Memorial 12th 2004 (4)}) 10... a5 11. h3 ({Vorzuziehen ist} 11. Nf3 $14) 11... O-O $11 12. Bf3 Rc8 13. Nge2 Rc4 14. O-O Rb4 (14... Bf5 $14) 15. Qd1 $16 Bf5 16. b3 Nbxd5 17. Nxd5 Nxd5 18. Bd2 Bd3 $1 19. Bxb4 (19. Bxd5 {vereinfacht} Bxe2 20. Qxe2 Rxd4 21. Bxf7+ Rxf7 22. Be3) 19... Nxb4 20. Bxb7 (20. Qd2 $1 $14) 20... Qb6 21. Bf3 Bxd4 (21... Bh6 $11 {hält das Gleichgewicht.}) 22. Nxd4 $16 Bxf1 23. Kxf1 Rd8 {[%emt 0:00:07] [#]} 24. Qe2 (24. Qe1 $1 $16) 24... Qxd4 $11 25. Rd1 Qxd1+ $1 26. Qxd1 Rxd1+ 27. Bxd1 Kf8 28. Ke2 Ke8 29. Ke3 e5 30. Ke4 f6 31. f4 exf4 32. Kd4 Kd7 33. Kc5 g5 34. Kb6 Nc6 35. Bf3 Ne5 36. Be4 (36. Kxa5 $2 {ist das falsche Schlagen.} Nxf3 37. gxf3 h5 $19) 36... h5 37. Kxa5 g4 38. hxg4 hxg4 39. Kb6 g3 40. a5 Kc8 $1 41. a6 Nd7+ $1 42. Ka5 (42. Kc6 $5 Ne5+ $8 43. Kb6 Nd7+ 44. Ka5 $11) 42... Kb8 43. b4 Ka7 44. b5 Nb6 45. Kb4 Nd7 $1 46. Ka5 (46. Bc6 $5 Ne5 $8 47. Ka5 Nc4+ 48. Kb4 $11) 46... Nb6 47. Bc6 (47. Kb4 $5 Nd7 $8 48. Ka5 $11) 47... Nc4+ 48. Kb4 Ne5 $1 49. Ka5 Nc4+ 50. Kb4 Ne5 $1 51. Ka5 Nc4+ 52. Kb4 Ne5 $1 1/2-1/2

[Event "4NCL Spring GM Round Robin 2024"]
[Site "Peterborough"]
[Date "2024.03.25"]
[Round "5.4"]
[White "Cherniaev, Alexander"]
[Black "Royal, Shreyas"]
[Result "0-1"]
[ECO "B51"]
[WhiteElo "2375"]
[BlackElo "2457"]
[Annotator "RC"]
[PlyCount "86"]
[EventDate "2024.03.22"]
[EventType "tourn"]
[EventCountry "ENG"]
[SourceTitle "playchess.com"]
[Source "ChessBase"]
[SourceQuality "1"]
[TimeControl "5400+30"]

1. e4 c5 2. Nf3 d6 3. Bb5+ Nd7 4. Ba4 Ngf6 5. Qe2 e6 6. c3 a6 7. Bc2 b5 8. d4 Bb7 9. O-O Be7 10. Rd1 Qc7 11. Bd3 O-O 12. Nbd2 e5 13. d5 c4 14. Bc2 Rfe8 15. h3 Bf8 16. Kh2 Nb6 17. Nf1 a5 18. g4 g6 19. Ng3 Bg7 20. Rg1 Kh8 21. Be3 Nfxd5 22. exd5 Nxd5 23. Qd2 Nxe3 24. Qxe3 d5 25. Rae1 Bc6 26. Qg5 Re6 27. Qd2 Rf8 28. Re2 d4 29. Be4 d3 30. Ree1 Bxe4 31. Rxe4 Ree8 32. g5 f5 33. gxf6 Rxf6 34. Nh4 Qf7 35. Rf1 Qf8 36. Qe1 Rd8 37. Ng2 Rf3 38. Rxe5 d2 39. Qe2 Bxe5 40. Qxe5+ Kg8 41. Qe2 Qf6 42. Ne4 Qe5+ 43. Kg1 d1=Q 0-1

[Event "4NCL Spring GM Round Robin 2024"]
[Site "Peterborough"]
[Date "2024.03.25"]
[Round "5.5"]
[White "Agdelen, Huseyin Can"]
[Black "Wadsworth, Matthew J"]
[Result "1/2-1/2"]
[ECO "B12"]
[WhiteElo "2408"]
[BlackElo "2450"]
[Annotator "TA"]
[PlyCount "80"]
[EventDate "2024.03.22"]
[EventType "tourn"]
[EventCountry "ENG"]
[SourceTitle "playchess.com"]
[Source "ChessBase"]
[SourceQuality "1"]
[TimeControl "5400+30"]

1. e4 c6 2. d4 d5 3. e5 Bf5 4. Nc3 e6 5. g4 Bg6 6. Nge2 c5 7. h4 h5 8. Nf4 Bh7 9. Nxh5 cxd4 10. Qxd4 Nc6 11. Qa4 a6 {[%emt 0:02:21] next ...b5 is good for Black.} 12. Be3 (12. Bg5 $1 $11 b5 13. Qf4) 12... Qa5 $2 (12... b5 $17 13. Qf4 Qc7) 13. Qxa5 $16 Nxa5 14. O-O-O {[%emt 0:06:29] White has more active pieces.} Rc8 15. f4 Ne7 16. Bd3 Nc4 17. Bf2 b5 18. Ne2 Nc6 19. Kb1 Nb4 20. Bxh7 Rxh7 21. Nd4 Be7 22. a3 Nc6 23. Nf3 $1 f6 {[%emt 0:14:18] [#] Against Ng5} (23... b4 $16) 24. exf6 $1 $18 gxf6 25. Ng3 (25. Rhe1 $18 Kf7 26. Ng3) 25... Bd6 $16 26. Rhe1 Bxf4 27. Rxe6+ Kf7 28. Ree1 N6e5 29. Nxe5+ fxe5 {[%emt 0:00:50] [#]} (29... Bxe5 $14 30. Nf5 (30. Rxd5 Ke6 $16) 30... Bxb2) 30. Rxd5 $2 (30. Nh5 $1 $18) 30... Ke6 $11 31. Rd4 (31. Rd3 {simplifies} Rxh4 32. Ne2 Rxg4 33. Nxf4+ Rxf4 34. Bd4) 31... Nd2+ 32. Ka2 Nf3 $1 33. Rxf4 Nxe1 34. Rf5 {[%emt 0:00:12] Ne4 would now be deadly.} Rxh4 (34... Nxc2 $11 35. Ne4 Re7) 35. Bxe1 $14 Rxg4 36. Rh5 {[%emt 0:00:46] Prevents Rxg3. Hoping for Rh6+.} Rxc2 37. Rh6+ Kd7 $1 38. Rh7+ (38. Rxa6 Rc6 39. Ra7+ Ke6 $18) 38... Ke6 39. Rh6+ Kd7 $1 40. Rh7+ (40. Rxa6 Rc6 41. Ra7+ Ke6 $18) 40... Ke6 $1 {[%emt 0:00:37] Blacks defense is rewarded with a draw.   Weighted Error Value: White=0.22 (precise) /Black=0.24 (precise) .  Missed win:     	White=1     	---        Mistake:       	White=2     	Black=4      Inaccurate:     	White=2     	Black=1      OK:         	White=13    	Black=9      Best:        	White=2     	Black=5      Strong:       	White=2     	Black=4} 1/2-1/2

[Event "4NCL Spring GM Round Robin 2024"]
[Site "Peterborough"]
[Date "2024.03.26"]
[Round "6.1"]
[White "Gumularz, Szymon"]
[Black "Wadsworth, Matthew J"]
[Result "1/2-1/2"]
[ECO "C54"]
[WhiteElo "2590"]
[BlackElo "2450"]
[Annotator "TA"]
[PlyCount "99"]
[EventDate "2024.03.22"]
[EventType "tourn"]
[EventCountry "ENG"]
[SourceTitle "playchess.com"]
[Source "ChessBase"]
[SourceQuality "1"]
[TimeControl "5400+30"]

1. e4 e5 2. Nf3 Nc6 3. Bc4 Nf6 4. d3 Bc5 5. c3 d6 6. Bg5 h6 7. Bh4 a6 8. a4 {[%emt 0:00:11] C54: Giuoco Piano: 4 c3 Nf6, main lines with 5 d4 and 5 d3.} g5 9. Bg3 Ba7 10. Nbd2 O-O 11. O-O Ne7 12. d4 Ng6 $146 ({Predecessor:} 12... exd4 13. Nxd4 Bg4 14. Qc2 Nh5 15. Rae1 Qd7 16. a5 Kg7 17. f3 Be6 18. Bf2 Bxc4 19. Nxc4 {1-0 Sethuraman,S (2624)-Quesada Perez,Y (2582) Chess24 Banter Blitz Cup 2019 (1.12)}) 13. dxe5 Nh5 14. exd6 Nxg3 15. hxg3 Qxd6 16. Nd4 Bxd4 17. cxd4 Qxd4 18. Qc2 Bg4 19. Nb3 Qe5 20. Rae1 b5 21. Bd5 bxa4 22. Bxa8 axb3 23. Qc6 Qxb2 24. Qxa6 Ne5 $1 25. Bd5 c6 $1 26. Bxc6 Nxc6 27. Qxc6 Be6 28. Rd1 Rc8 29. Qd6 Qc3 30. Kh2 b2 31. f4 (31. Rb1 $5) 31... Ba2 (31... Bb3 $11 32. Rd4 gxf4 (32... Qc1 33. Qxh6 Qxf1 34. Qxg5+ Kf8 35. Qh6+ Kg8 36. Qg5+ Kf8 37. Qh6+ Kg8 38. Qg5+ $11) 33. Qxf4 Qxd4 34. Qg4+ Qg7 35. Qxc8+ Kh7) 32. e5 (32. Qxh6 Qh8 33. Qxh8+ (33. fxg5 Qxh6+ 34. gxh6 Rb8 $17) 33... Kxh8 $15) (32. f5 $1 $16) 32... Qc2 $2 (32... Bb3 $14) 33. f5 $1 $18 ({And not} 33. Qxh6 Qh7 34. Qxh7+ (34. fxg5 Rb8 $17) 34... Kxh7 $15) 33... Qc6 {[%emt 0:01:53] [#]} ({Much weaker is} 33... b1=R 34. Rxb1 Bxb1 35. Qxh6) 34. Qe7 (34. Qb4 $1 $18 b1=Q 35. Rxb1 Bxb1 36. Qxb1 (36. Rxb1 Qd5 $14)) 34... b1=Q $4 {[%emt 0:16:48][%mdl 8192] [#]} (34... Qe8 $14 35. Qf6 Rb8) 35. Rxb1 $2 (35. Rd8+ $1 $18 Rxd8 36. Qxd8+ Kh7 37. Rxb1) 35... Bxb1 $11 36. Rxb1 Re8 $1 37. Qd6 Qxd6 38. exd6 g4 39. Rd1 Kf8 40. Kg1 Ra8 41. Kf2 (41. d7 $5 Ke7 $8 42. Kf2 $11) 41... Ke8 42. Rh1 Ra5 43. Rh5 Re5 44. Rxh6 Rxf5+ 45. Ke3 Kd7 46. Rh4 Kxd6 47. Rxg4 Ra5 48. Re4 f5 49. Re8 Kd7 50. Rb8 1/2-1/2

[Event "4NCL Spring GM Round Robin 2024"]
[Site "Peterborough"]
[Date "2024.03.26"]
[Round "6.2"]
[White "Royal, Shreyas"]
[Black "Agdelen, Huseyin Can"]
[Result "0-1"]
[ECO "E94"]
[WhiteElo "2457"]
[BlackElo "2408"]
[Annotator "TA"]
[PlyCount "90"]
[EventDate "2024.03.22"]
[EventType "tourn"]
[EventCountry "ENG"]
[SourceTitle "playchess.com"]
[Source "ChessBase"]
[SourceQuality "1"]
[TimeControl "5400+30"]

1. d4 Nf6 2. c4 g6 3. Nc3 Bg7 4. e4 d6 5. Be2 O-O 6. Be3 Na6 7. Nf3 e5 8. O-O Qe7 9. d5 Ng4 10. Bg5 f6 11. Bd2 {[%emt 0:06:14] Weiß steht etwas besser.} f5 12. exf5 gxf5 13. Ng5 h6 14. Nh3 (14. Nge4 $5) 14... Bd7 15. f3 Nf6 16. Re1 c6 17. Rc1 Kh8 18. Nf2 Nc7 19. dxc6 Bxc6 20. b4 b6 21. Bf1 Rad8 22. Ne2 Nh5 23. Ng3 Qh4 24. Nxh5 Qxh5 25. Nd3 Ne6 26. b5 Bb7 27. Nb4 Bf6 28. Nd5 Bh4 29. f4 $1 Qg6 $132 {[%emt 0:00:48][%mdl 2048] Schwarz hält nicht still} 30. fxe5 Bxe1 (30... f4 {sieht schärfer aus.} 31. Bc3 f3 32. exd6+ Kg8) 31. Qxe1 dxe5 32. Qxe5+ Ng7 (32... Kh7 $11) 33. Nf4 ({Günstiger ist} 33. Qc7 $16 Qf7 (33... Bxd5 34. cxd5 Rxd5 35. Rc6 $16) 34. Bxh6) 33... Qf7 $11 34. Nd3 (34. Bc3 $14 Rde8 (34... Rfe8 $2 35. Qf6 $18) 35. Qd6 (35. Qxg7+ Qxg7 36. Ng6+ Kh7 $16)) 34... Be4 35. Qg3 {[%emt 0:01:26] [#]} (35. Qc3 $11 {bleibt in der Remisbreite.}) 35... f4 $1 $17 36. Qh3 (36. Qxf4 $2 {ist das falsche Schlagen.} Bxd3 (36... Qxf4 $2 37. Bxf4 Bxd3 38. Bc7 $19) 37. Qxf7 Rxf7 $19) 36... Qg6 {[%emt 0:03:32] Schwarz steht aktiver.} 37. Nxf4 {[%emt 0:02:34] [#]} (37. Bb4 $17 Rf5 (37... Rxd3 38. Bxd3 Re8 39. Bxe4 $16) 38. Bc3) 37... Qg5 $1 $19 38. Qe3 {[%emt 0:03:13] [#]} (38. Be3 {war einen Versuch wert.} Rxf4 39. Bxf4 Qxf4 40. Re1) 38... Rxd2 $1 39. Qxd2 {[%emt 0:00:05] Und g3 würde nun gewinnen.} Rxf4 40. Rd1 Ne6 {[%emt 0:00:46] Es drohte Qd8+} 41. Qc3+ Qg7 42. Qh3 (42. Qxg7+ Kxg7 43. Re1) 42... Ng5 43. Qg3 Rf8 44. Rd6 $2 (44. a4 $19) 44... Qa1 45. Rxh6+ Nh7 {[%emt 0:00:04] Gewichteter Fehlerwert: Weiß=0.49/Schwarz=0.15 (sehr präzise) .  Fehler:       	Weiß=7     	Schwarz=1     Ungenau:       	Weiß=1     	Schwarz=1     OK:         	Weiß=10    	Schwarz=18    Bester:       	Weiß=2     	Schwarz=2     Stark:        	Weiß=1     	Schwarz=1     Brilliant:      	---       	Schwarz=2} 0-1

[Event "4NCL Spring GM Round Robin 2024"]
[Site "Peterborough"]
[Date "2024.03.26"]
[Round "6.3"]
[White "Makkar, Rajat"]
[Black "Cherniaev, Alexander"]
[Result "1-0"]
[ECO "B08"]
[WhiteElo "2434"]
[BlackElo "2375"]
[Annotator "TA"]
[PlyCount "85"]
[EventDate "2024.03.22"]
[EventType "tourn"]
[EventCountry "ENG"]
[SourceTitle "playchess.com"]
[Source "ChessBase"]
[SourceQuality "1"]
[TimeControl "5400+30"]

1. d4 g6 2. e4 Bg7 3. Nf3 d6 4. Be2 Nf6 5. Nc3 O-O 6. O-O Bg4 7. Be3 Nc6 8. d5 Bxf3 9. Bxf3 Ne5 10. Be2 c6 11. f4 Ned7 12. dxc6 bxc6 13. Kh1 Qc7 14. Rb1 Rfb8 15. Qd2 {[%emt 0:03:29] White is slightly better.} a5 16. b3 Rb4 17. Bf3 e5 18. a3 Rb7 19. g3 Re8 20. Rbd1 Bf8 21. Bg2 Ng4 22. Bg1 exf4 23. gxf4 Ngf6 24. Qd3 Nh5 25. Ne2 Ng7 26. Ng3 Ne6 27. Qf3 Nec5 28. Bd4 Qd8 {[%emt 0:05:43] [#]} 29. e5 $1 {[%emt 0:05:03][%mdl 512] Strongly threatening exd6.} d5 30. c4 Rxb3 31. Qg4 Ne6 32. cxd5 cxd5 33. f5 (33. Bxd5 $2 Nf6 $19 (33... Rxa3 $2 34. Bb2 $18) (33... Rxa3 $2 34. Bb2 $18)) 33... Nxd4 34. fxg6 (34. Qxd4 $14 Nxe5 35. Bxd5) 34... hxg6 $11 ({Stronger than} 34... Nxe5 35. gxf7+ Kh8 36. Qg8#) 35. Bxd5 (35. Qxd4 {seems wilder.} Nxe5 36. Bxd5 Qb8 37. Rxf7 Nxf7 38. Qf6) 35... Nxe5 36. Qxd4 $40 {[%emt 0:00:40][%mdl 128] And now Rxf7 would win. Black needs to defend precisely.} Rb6 $2 {[%emt 0:04:05][%mdl 8192] [#] Loses the game.} (36... Rxa3 $2 {perishes.} 37. Qxe5 Rxe5 38. Bxf7+ Kh7 39. Rxd8 $18) (36... Qb8 $1 $11 {and Black has nothing to worry.}) 37. Qxe5 $3 $18 Rxe5 38. Bxf7+ Kg7 39. Rxd8 {[%emt 0:00:35] Bd5 would now be deadly.} Bxa3 40. Bd5 Rb4 {[%emt 0:02:42] White is clearly better.} 41. Kg2 {[%emt 0:04:31] Black must now prevent Rf7+.} Rd4 42. Rf7+ Kh6 43. Rh8+ {[%emt 0:00:16] Weighted Error Value: White=0.17 (very precise) /Black=0.21 (precise) .  Loses game:     	---       	Black=1      Mistake:       	White=1     	---        Inaccurate:     	White=1     	Black=6      OK:         	White=11    	Black=12     Best:        	White=1     	---        Brilliant:      	White=1     	---} 1-0

[Event "4NCL Spring GM Round Robin 2024"]
[Site "Peterborough"]
[Date "2024.03.26"]
[Round "6.4"]
[White "Kalavannan, Koby"]
[Black "Harvey, Marcus R"]
[Result "0-1"]
[ECO "A20"]
[WhiteElo "2324"]
[BlackElo "2468"]
[Annotator "TA"]
[PlyCount "92"]
[EventDate "2024.03.22"]
[EventType "tourn"]
[EventCountry "ENG"]
[SourceTitle "playchess.com"]
[Source "ChessBase"]
[SourceQuality "1"]
[TimeControl "5400+30"]

1. g3 e5 2. c4 c6 3. d4 e4 4. Nc3 d5 5. a3 h6 6. Bf4 $146 {[%emt 0:00:00] A20: English Opening: 1...e5.} ({Predecessor:} 6. Bg2 Nf6 7. f3 exf3 8. Nxf3 Be7 9. O-O O-O 10. Nh4 dxc4 11. e4 Bg4 12. Bf3 {0-1 Niemann,H (2642)-Esipenko,A (2714) Airthings Masters Prelim rapid 2022 (9)}) 6... Nf6 7. cxd5 cxd5 8. Qa4+ Bd7 9. Qb3 Bc6 10. e3 a6 11. f3 Qa5 12. O-O-O Nbd7 13. fxe4 (13. Kb1 $11) 13... g5 $2 (13... dxe4 14. Bc4 $16) (13... Nxe4 $17 {White must now prevent ...g5.} 14. Nxe4 dxe4) 14. Be5 $1 $14 Nxe5 15. dxe5 Nxe4 16. Nxe4 dxe4 17. Bc4 Qc7 $1 18. Kb1 (18. Ne2 $2 Bb5 (18... Qxe5 $2 19. Bxf7+ Ke7 20. Bh5 $18) 19. Qc2 (19. Rd4 $2 Rc8 $19) 19... Bxc4 $19 (19... Qxc4 $2 20. Nc3 $19)) (18. e6 {simplifies} fxe6 19. Kb1 Rd8 20. Rxd8+ Qxd8 21. Ne2) 18... b5 (18... Qxe5 $2 19. Bxf7+ Ke7 20. Bh5 $18) 19. Be6 (19. Bd5 {simplifies} Bg7 20. Ne2 Bxe5 21. Qb4) 19... Bg7 $1 (19... fxe6 $2 20. Qxe6+ Be7 21. Qg6+ Kf8 22. Rf1+ $18) 20. h4 g4 (20... fxe6 21. Qxe6+ Qe7 22. Qxc6+ Kf7 23. Rf1+ (23. Qxe4 Rhe8 $18) 23... Kg8 24. Qxa8+ $18) (20... Bxe5 $11 {keeps the balance.} 21. Ne2 Qe7 (21... fxe6 $2 22. Qxe6+ Kf8 23. hxg5 $18)) 21. Ne2 $16 (21. Bxg4 Qxe5 (21... Bxe5 22. Ne2 $11) 22. Ne2 O-O $11) 21... O-O 22. Bxg4 ({Better is} 22. Rc1 $1 $14) 22... Qxe5 $11 23. Rhf1 Kh8 (23... b4 $11 24. Nd4 Bd5 25. Qxb4 Rab8) 24. Rf5 $14 (24. Rxf7 $2 {loses.} Rxf7 25. Nf4 Rf6 $19) 24... Qe7 25. Bh5 Bd7 $1 26. Rxf7 Be6 $1 27. Rxe7 Bxb3 28. Nf4 (28. Rc1 $5) 28... Bxd1 29. Bxd1 Rfe8 30. Rf7 Red8 31. Bc2 Rac8 32. Ng6+ $1 (32. Bxe4 $2 {perishes.} Rd1+ 33. Ka2 Rd2 $19) 32... Kg8 33. Rf2 Re8 34. Rf4 Rcd8 35. Kc1 Rd6 36. h5 (36. Rxe4 $15 Rxe4 37. Bxe4) 36... Rf6 37. Bb3+ Kh7 38. Bd5 a5 (38... Rxf4 {simplifies} 39. Nxf4 a5 40. Kc2 Bf6) 39. Kb1 Rd6 (39... Rxf4 $17 40. gxf4 Bf6) 40. Bxe4 (40. Rf5 $1 $15) 40... Rd2 41. Bc2 $2 (41. Ne7+ $17 {is tougher.} Kh8 42. Ng6+ Kg8 43. Kc1) 41... Rc8 $19 42. Nf8+ Kg8 43. Bb3+ Kh8 44. Ng6+ Kh7 45. Be6 Rxb2+ 46. Ka1 Rc1# 0-1

[Event "4NCL Spring GM Round Robin 2024"]
[Site "Peterborough"]
[Date "2024.03.26"]
[Round "6.5"]
[White "Chow, Samuel"]
[Black "Teclaf, Pawel"]
[Result "0-1"]
[ECO "E11"]
[WhiteElo "2356"]
[BlackElo "2556"]
[Annotator "TA"]
[PlyCount "54"]
[EventDate "2024.03.22"]
[EventType "tourn"]
[EventCountry "ENG"]
[SourceTitle "playchess.com"]
[Source "ChessBase"]
[SourceQuality "1"]
[TimeControl "5400+30"]

1. d4 Nf6 2. c4 e6 3. Nf3 Bb4+ 4. Bd2 Qe7 5. e3 b6 6. Bd3 Bb7 7. O-O Bxd2 8. Nbxd2 d6 9. e4 e5 10. b4 exd4 {[%emt 0:08:48] The position is equal.} 11. Nxd4 O-O 12. Qc2 g6 13. a3 c5 14. N4f3 Nc6 15. b5 Ne5 16. Nxe5 dxe5 17. Nb1 Nh5 18. Nc3 Nf4 19. Nd5 (19. f3 {simplifies} Ne6 20. Qf2 Qd6 21. Nd5) 19... Qg5 {[%emt 0:00:18][%csl Gf4][%cal Rg5g2] [#]} 20. f3 (20. g3 $11 Ne6 21. Qc1) 20... Bxd5 $17 21. h4 $2 {[%emt 0:08:58] Loses the game.} (21. cxd5 $17 Nxg2 22. Kh1) 21... Qxh4 $19 22. exd5 {[%emt 0:00:18] White is weak on the dark squares} (22. cxd5 {was the only defense.} Qg3 23. Rad1) 22... f5 23. Rae1 Qg3 24. Qd2 Qg5 {[%emt 0:01:51] [#] Threatens to win with ...Nh3+.} 25. Qc2 $2 (25. Rf2) 25... Rae8 {[%emt 0:00:37][%cal Oe5e4] aiming for ...e4! Black is clearly winning.} 26. Kh2 Qh4+ 27. Kg1 Qg3 {[%emt 0:00:19] Weighted Error Value: White=0.82/Black=0.24 (precise) .  Mistake:       	White=4     	---        Inaccurate:     	---       	Black=1      OK:         	White=5     	Black=9      Best:        	---       	Black=1} 0-1

[Event "4NCL Spring GM Round Robin 2024"]
[Site "Peterborough"]
[Date "2024.03.26"]
[Round "7.2"]
[White "Harvey, Marcus R"]
[Black "Chow, Samuel"]
[Result "1/2-1/2"]
[ECO "A10"]
[WhiteElo "2468"]
[BlackElo "2356"]
[Annotator "TA"]
[PlyCount "117"]
[EventDate "2024.03.22"]
[EventType "tourn"]
[EventCountry "ENG"]
[SourceTitle "playchess.com"]
[Source "ChessBase"]
[SourceQuality "1"]
[TimeControl "5400+30"]

1. c4 g6 2. e4 e5 3. d4 Nf6 4. f3 exd4 5. Qxd4 Nc6 6. Qf2 {[%emt 0:00:05] A10: English Opening: Unusual Replies for Black.} Bg7 7. Nc3 d6 8. Nge2 O-O 9. Nf4 $146 ({Predecessor:} 9. Be3 Be6 10. Nf4 Nh5 11. Nxh5 gxh5 12. Qd2 f5 13. exf5 Bxf5 14. Be2 Qf6 15. O-O {1-0 Ding,L (2799)-Xu,X (2564) Hangzhou GM 2022 (8)}) 9... Nd7 10. Be2 Nb4 11. Kd1 Nc5 12. g4 Bd7 13. Be3 Na4 14. Kd2 c5 15. a3 Nxc3 16. bxc3 Nc6 17. Nd5 Be6 18. Rhb1 Na5 19. Ra2 Bxd5 20. cxd5 {[%emt 0:00:31] [#]} g5 $2 (20... f5 $1 $17 {[%cal Rf5f4] and life is bright. ...f4 would now be deadly.} 21. gxf5 gxf5) 21. h4 $16 h6 22. hxg5 hxg5 23. Qh2 Qf6 24. Rc2 Qg6 25. Qh5 Bf6 $1 {[%emt 0:03:04] [#]} 26. e5 (26. Qxg6+ $1 $14 fxg6 27. Rcc1) 26... Bxe5 $11 27. Qxg5 Kg7 28. Rf1 Rh8 (28... Qxg5 $11 29. Bxg5 Bf6) 29. Kd1 (29. Qxg6+ $14 fxg6 30. f4) 29... Rh3 $11 (29... Qxg5 {simplifies} 30. Bxg5 Rh3 31. Bd2 Nb3) 30. Bd3 (30. Qxg6+ $11 Kxg6 31. Bd2) 30... Qxg5 $17 31. Bxg5 Rah8 32. Re2 (32. Bc1 $15) 32... Bxc3 33. Kc2 Bd4 34. Bf4 (34. Bd2 $1 $15 b6 35. Bb5) 34... Rh1 $2 ({Black should play} 34... c4 $19 35. Bf5 Bc5) 35. Rfe1 (35. Rxh1 $11 Rxh1 36. Re7 (36. Bxd6 c4 $11)) 35... Rxe1 (35... c4 $17 36. Bf5 Bc5 37. Rxh1 Rxh1) 36. Rxe1 $15 Rh3 (36... c4 $15 37. Bf1 Rh1) 37. Be2 ({Better is} 37. Bxd6 $11 Rxf3 38. Re8) 37... Be5 38. Bxe5+ dxe5 39. Kd3 f5 40. Ke3 Kf6 41. gxf5 Nb3 (41... Rh4 $17 42. Rg1 Kxf5) 42. Rb1 $11 Nd4 43. Rxb7 Nxf5+ 44. Kf2 Rh2+ 45. Ke1 Nd4 46. Bd1 $1 e4 (46... c4 $5 47. Rc7 $8 Ra2 $11) 47. fxe4 Ke5 48. Rc7 Kxe4 49. d6 Rh1+ 50. Kd2 Rh6 51. d7 (51. Rxa7 Rxd6 52. Rh7 Nc6+ 53. Kc1 Rf6 $11) 51... Rd6 52. Kc1 (52. Rxa7 $2 {is the wrong capture.} Nb5+ 53. Ke1 Nxa7 $19) 52... Nf3 53. Rxa7 Ne5 54. Ba4 Kd3 55. Ra8 Nxd7 56. Rd8 Kc3 57. Bxd7 c4 58. a4 Rd5 59. a5 1/2-1/2